 Dungeon Crawl Stone Soup version 0.21.1-1-g345015fe64 (webtiles) character file.

244 Jannitor the Vexing (level 5, 0/35 HPs)
             Began as a Demonspawn Enchanter on June 12, 2018.
             Was an Initiate of Dithmenos.
             Succumbed to a worker ant's poison
             ... on level 4 of the Dungeon.
             The game lasted 00:11:28 (5888 turns).

Jannitor the Vexing (Demonspawn Enchanter)          Turns: 5888, Time: 00:11:28

Health: 0/35       AC:  4    Str: 13 (14) XL:     5   Next: 83%
Magic:  9/9        EV: 13    Int: 14 (17) God:    Dithmenos [......]
Gold:   139        SH:  0    Dex: 11 (13) Spells: 3/9 levels left

rFire    . . .     SeeInvis .   a - +1 dagger
rCold    . . .     Gourm    .   (no shield)
rNeg     . . .     Faith    .   b - +0 robe
rPois    .         Spirit   .   (helmet restricted)
rElec    .         Reflect  .   (no cloak)
rCorr    .         Harm     .   (no gloves)
MR       .....                  e - +1 pair of boots (curse)
Stlth    ++........             (no amulet)
HPRegen  0.11/turn              (no ring)
MPRegen  0.11/turn              (no ring)

@: mighty, lethally poisoned (0 -> -27), flying
A: antennae 2
a: Renounce Religion


You were on level 4 of the Dungeon.
You worshipped Dithmenos.
Dithmenos was noncommittal.
You were very hungry.

You visited 1 branch of the dungeon, and saw 4 of its levels.

You collected 139 gold pieces.

Inventory:

Hand Weapons
 a - a +1 dagger (weapon)
Missiles
 i - 6 tomahawks (quivered)
Armour
 b - a +0 robe (worn)
 e - a cursed +1 pair of boots (worn)
Jewellery
 f - an uncursed ring of positive energy {unknown}
Scrolls
 j - a scroll of identify {unknown}
 m - a scroll of teleportation {unknown}
Books
 c - a book of Maledictions

   Spells                             Type                      Level
   a - Corona                         Hexes                        1
   b - Ensorcelled Hibernation        Hexes/Ice                    2
   c - Confuse                        Hexes                        3
   d - Tukima's Dance                 Hexes                        3
   e - Dazzling Spray                 Conjuration/Hexes            3
Comestibles
 d - 6 rations


   Skills:
 + Level 2.3 Short Blades
 + Level 2.9 Dodging
 + Level 3.7 Stealth
 + Level 2.6 Spellcasting
 + Level 3.9 Hexes
 - Level 1.2 Ice Magic


You had 3 spell levels left.
You knew the following spells:

 Your Spells              Type           Power        Failure   Level  Hunger
a - Corona                Hex            ##.....      4%          1    #......
b - Ensorcelled Hibernat  Hex/Ice        #.....       12%         2    ###....
c - Confuse               Hex            ##......     13%         3    ###....


Dungeon Overview and Level Annotations

Branches:
Dungeon (4/15)
 Temple: D:4-7

Altars:
Ashenzari
Dithmenos
Elyvilon
Gozag

Annotations:
D:2 exclusion: downstairs, Sigmund


Innate Abilities, Weirdness & Mutations

You have a pair of antennae on your head.


Message History

You feel sick.
The worker ant waves its antennae.
The worker ant barely misses you.
It was a potion of might.
You feel very mighty all of a sudden.
* * * LOW HITPOINT WARNING * * *
You feel sick. The worker ant barely misses you.
You closely miss the worker ant.
The worker ant is almost dead.
* * * LOW HITPOINT WARNING * * *
You feel sick. The worker ant closely misses you.
You completely miss the worker ant.
The worker ant is almost dead.
* * * LOW HITPOINT WARNING * * *
You feel sick. The worker ant bites you.
* * * LOW HITPOINT WARNING * * *
You are more poisoned.
The worker ant poisons you!
It was a potion of magic.
Magic courses through your body.
You die...

##########
#........#
#........#
+........####
#.a.........#
#####.@.........#
............#....#
....(..(..........
##########.#...$#
#.# ...# #.# ..#
#######.#
#.......##
#.##.....#


You could see a worker ant.

Vanquished Creatures
  An orc priest (D:1)
  An orc wizard (D:2)
  Terence (D:3)
  7 adders
  An ooze (D:2)
  4 worms
  2 leopard geckos (D:3)
  13 orcs
  5 bats
  4 giant cockroaches
  4 goblins
  6 hobgoblins
  A jackal (D:3)
  3 frilled lizards
  12 kobolds
  A quokka skeleton (D:3)
  9 rats
75 creatures vanquished.

Notes
Turn   | Place    | Note
-------+----------+-------------------------------------------
     0 | D:1      | Jannitor the Demonspawn Enchanter began the quest for the Orb.
     0 | D:1      | Reached XP level 1. HP: 13/13 MP: 3/3
   314 | D:1      | Reached skill level 1 in Short Blades
   618 | D:1      | Gained mutation: You have a pair of small antennae on your head. [demonic ancestry]
   618 | D:1      | Reached XP level 2. HP: 18/19 MP: 5/5
   701 | D:1      | Learned a level 2 spell: Ensorcelled Hibernation
  2103 | D:2      | Reached XP level 3. HP: 24/24 MP: 1/6
  2396 | D:1      | Reached skill level 1 in Ice Magic
  2396 | D:1      | Gained mutation: You have a pair of antennae on your head. [demonic ancestry]
  2396 | D:1      | Reached XP level 4. HP: 24/30 MP: 4/7
  2685 | D:3      | Found an opulent altar of Gozag.
  2764 | D:3      | Noticed Terence
  3218 | D:2      | Learned a level 3 spell: Confuse
  3501 | D:2      | Found a shadowy altar of Dithmenos.
  3502 | D:2      | Found a shattered altar of Ashenzari.
  3509 | D:2      | Became a worshipper of Dithmenos the Shadowed
  3957 | D:2      | Reached XP level 5. HP: 32/35 MP: 3/8
  4021 | D:2      | Noticed Sigmund
  4079 | D:3      | Found a white marble altar of Elyvilon.
  4724 | D:3      | Killed Terence
  5888 | D:4      | Succumbed to a worker ant's poison

Skill      XL: |  1  2  3  4 |
---------------+-------------+-----
Short Blades   | 1 2 |  2.3
Dodging        | 2 |  2.9
Stealth        | 3 |  3.7
Ice Magic      | 1 |  1.2
Spellcasting   | |  2.6
Hexes          | |  3.9

Action                   |  1- 3 |  4- 6 || total
-------------------------+-------+-------++-------
Melee: Dagger            |    74 |   213 ||   287
 Cast: Corona            |     7 |     4 ||    11
       Ensorcelled Hiber |    12 |    30 ||    42
       Confuse           |       |     6 ||     6
  Use: Scroll            |     2 |     4 ||     6
       Potion            |       |     4 ||     4
 Stab: Sleeping          |    15 |    19 ||    34
       Confused          |       |     2 ||     2
  Eat: Chunk             |     5 |    13 ||    18
Armor: Robe              |     8 |    28 ||    36
Dodge: Dodged            |    39 |   140 ||   179
